AoeStats
← Navix de los Bosques de Lituania

Black Forest

509634578Analyzed
3v3 RM · 3d ago on Sep 27, 2026· 56m 43s· 6 players
Game mode
Random Map
Map size
Normal (6 player)
Population
200
Speed
Normal
Resources
Standard
Victory
Conquest
Starting age
Dark Age
Ending age
Imperial Age
RankedLock teamsTeams togetherTeam positionsShared explorationLock speedFull tech treeHidden civsTurbo modeCheats
Victory
Defeat
🇬🇧 Hindustanis · United Kingdom
768
+13
🇹🇷 Celts · Türkiye
755
+14
741
+14
🇨🇴 Persians · Colombia
707
-14
🇦🇺 Danes · Australia
707
-14
692
-13
LoneRanger1994
7:26 Loom
10:54 Feudal Age
11:47 Double-Bit Axe
11:46 Horse Collar
12:50 Wheelbarrow
19:56 Castle Age
21:21 Bow Saw
21:16 Heavy Plow
23:03 Stone Mining
23:08 Gold Mining
27:00 Fervor
27:15 Hand Cart
28:25 Grand Trunk Road
28:31 Light Cavalry
29:25 Bloodlines
29:17 Husbandry
29:26 Scale Barding Armor
31:56 Ballistics
35:36 Imperial Age
32:52 Town Watch
35:05 Padded Archer Armor
35:27 Chain Barding Armor
35:17 Forging
35:44 Hussar
36:34 Thumb Ring
37:01 Heavy Camel Rider
39:22 Chemistry
38:28 Siege Engineers
38:55 Caravan
41:17 Plate Barding Armor
41:18 Iron Casting
40:59 Leather Archer Armor
40:50 Imperial Camel Rider
42:21 Gold Shaft Mining
44:19 Conscription
44:00 Shatagni
54:14 Elite Skirmisher
55:33 Ring Archer Armor
54:55 Fletching
56:05 Blast Furnace
andresfelipegarciamacias2001
4:41 Loom
11:49 Feudal Age
12:33 Town Watch
12:47 Double-Bit Axe
12:58 Horse Collar
12:43 Man-at-Arms
21:28 Fletching
21:48 Forging
23:16 Arson
23:35 Gold Mining
24:35 Padded Archer Armor
24:43 Scale Mail Armor
29:25 Castle Age
29:31 Long Swordsman
30:14 Squires
29:36 Crossbowman
31:22 Iron Casting
30:42 Bodkin Arrow
31:03 Leather Archer Armor
31:04 Chain Mail Armor
32:11 Caravan
32:58 Ballistics
33:25 Bow Saw
33:22 Heavy Plow
33:58 Town Patrol
34:04 Murder Holes
35:29 Stone Mining
37:54 Gold Shaft Mining
40:53 Imperial Age
39:37 Chieftains
41:03 Two-Handed Swordsman
41:12 Arbalester
42:57 Chemistry
41:29 Capped Ram
42:40 Siege Ram
43:31 Champion
47:20 Bracer
48:21 Blast Furnace
49:44 Two-Man Saw
49:16 Ring Archer Armor
49:16 Plate Mail Armor
52:00 Elite Berserk
Norbert PICIGETO Foster
4:48 Loom
13:05 Feudal Age
19:20 Horse Collar
24:27 Double-Bit Axe
24:34 Gold Mining
24:38 Stone Mining
27:12 Castle Age
32:49 Heavy Plow
36:21 Bow Saw
37:39 Gold Shaft Mining
37:45 Stone Shaft Mining
38:57 Wheelbarrow
38:08 Town Watch
43:24 Imperial Age
41:42 Caravan
42:18 Forging
42:09 Fletching
42:20 Padded Archer Armor
42:26 Scale Barding Armor
42:22 Scale Mail Armor
42:55 Hand Cart
43:35 Ballistics
43:12 Murder Holes
43:27 Fortified Wall
43:28 Masonry
45:11 Chemistry
44:57 Iron Casting
44:36 Siege Engineers
44:42 Fortified Wall
45:01 Onager
45:35 Gambesons
45:37 Arson
46:42 Town Patrol
48:08 Blast Furnace
47:25 Chain Mail Armor
47:14 Bodkin Arrow
47:36 Leather Archer Armor
47:48 Conscription
48:51 Siege Onager
50:39 Furor Celtica
50:31 Elite Woad Raider
52:52 Plate Mail Armor
57:15 Hoardings
Navix de los Bosques de Lituania
2:08 Loom
14:46 Feudal Age
19:40 Double-Bit Axe
19:49 Stone Mining
19:49 Gold Mining
20:45 Wheelbarrow
26:43 Castle Age
26:58 Horse Collar
28:55 Bow Saw
29:23 Gold Shaft Mining
29:32 Crossbowman
29:38 Elite Skirmisher
30:58 Thumb Ring
37:45 Imperial Age
38:13 Hand Cart
38:05 Heavy Plow
38:03 Stone Mining
39:04 Ballistics
39:38 Arbalester
42:10 Chemistry
42:31 Fletching
42:41 Padded Archer Armor
42:53 Forging
43:48 Caravan
Derzer
10:42 Feudal Age
13:27 Man-at-Arms
18:16 Double-Bit Axe
19:50 Horse Collar
28:28 Castle Age
27:53 Town Watch
30:53 Town Patrol
31:32 Wheelbarrow
31:14 Bow Saw
31:08 Heavy Plow
31:08 Gold Mining
31:10 Stone Mining
31:31 Caravan
32:21 Husbandry
34:32 Gold Shaft Mining
34:30 Bloodlines
33:46 Light Cavalry
35:23 Coinage
35:11 Hand Cart
37:36 Stone Shaft Mining
42:40 Imperial Age
41:56 Scale Barding Armor
42:45 Cavalier
43:51 Chain Barding Armor
43:42 Forging
44:25 Savar
53:18 Conscription
53:26 Conscription
THENEYK
10:49 Feudal Age
10:54 Man-at-Arms
12:07 Double-Bit Axe
13:10 Horse Collar
14:04 Arson
20:53 Bloodlines
22:36 Scale Barding Armor
28:06 Town Watch
33:40 Castle Age
34:51 Stone Mining
35:10 Husbandry
35:16 Heavy Plow
39:59 Chain Barding Armor
42:09 Wheelbarrow
Connection lost

Rejoining the realm…

Still unreachable

The connection could not be restored.

Session expired

The server has moved on; the page needs a fresh start.